[Event "Early-Titled-Tuesday-Blitz-September-12-2023"]
[Site "Chess.com"]
[Date "2023.09.12"]
[Round "2"]
[White "younix2022"]
[Black "Tssunami"]
[Result "0-1"]
[WhiteElo "2008"]
[BlackElo "2452"]
[TimeControl "180+1"]
[EndTime "8:16:51 PDT"]
[Termination "Tssunami won by resignation"]

1. Nf3 c5 2. c4 Nc6 3. Nc3 Nf6 4. g3 b6 5. Bg2 Bb7 6. O-O e6 7. d4 cxd4 8. Nxd4 Rc8 9. Nc2 Be7 10. b3 O-O 11.
Bb2 d5 12. cxd5 exd5 13. e3 Re8 14. Rc1 Bf8 15. h4 Ne4 16. Nxe4 dxe4 17. Qg4 Ne5 18. Bxe5 Rxe5 19. Rfd1 Qe8 20. Rd7 Re7 21. Rdd1 Rec7 22. Qe2 Ba3 23. Nxa3 Rxc1 24. Nc4 Rxd1+ 25. Qxd1 Rd8 26.
Qg4 Qe7 27. h5 h6 28. Qf4 Qg5 29. Qc7 Ba6 30. Bxe4 f5 31. Bxf5 Rd1+ 32. Kg2 Qxf5 33. Qd8+ Rxd8 0-1

[Event "Early-Titled-Tuesday-Blitz-September-12-2023"]
[Site "Chess.com"]
[Date "2023.09.12"]
[Round "2"]
[White "the_chess_child"]
[Black "Mr_Lion22"]
[Result "0-1"]
[WhiteElo "2899"]
[BlackElo "2446"]
[TimeControl "180+1"]
[EndTime "8:16:52 PDT"]
[Termination "Mr_Lion22 won by resignation"]

1. e4 c5 2. Nf3 d6 3. g3 Nf6 4. d3 g6 5. Bg2 Bg7 6. O-O O-O 7.
Re1 Nc6 8. h3 Rb8 9. c3 b5 10.
d4 b4 11. dxc5 dxc5 12. Qe2 bxc3 13. Nxc3 Nd4 14. Qd1 Bb7 15. Bf4 Rc8 16. Rc1 Qb6 17. b3 Rfd8 18. Na4 Qb4 19. Rc4 Nxf3+ 20. Qxf3 Qxe1+ 21. Kh2 Rd1 22. g4 Qg1+ 23. Kg3 Nd7 24. Rc2 Ne5 25. Qe2 Nd3 26. Be3 e5 27. Nc3 Nf4 28.
Bxf4 exf4+ 29. Kf3 Re1 30. Qb5 Bxe4+ 31. Nxe4 Rxe4 32.
Rxc5 Re3+ 33. Kxf4 Qxf2+ 0-1

[Event "Early-Titled-Tuesday-Blitz-September-12-2023"]
[Site "Chess.com"]
[Date "2023.09.12"]
[Round "2"]
[White "Predator0608"]
[Black "Triumphmate"]
[Result "1-0"]
[WhiteElo "2556"]
[BlackElo "2514"]
[TimeControl "180+1"]
[EndTime "8:16:56 PDT"]
[Termination "Predator0608 won by resignation"]

1. f4 e5 2. fxe5 d6 3. Nf3 dxe5 4. Nxe5 Bd6 5. Nd3 Nf6 6. Nf2 Ng4 7. g3 Nxf2 8. Kxf2 h5 9. Bg2 h4 10. d3 Qf6+ 11. Bf3 Nc6 12. Nc3 Ne5 13. Ne4 Ng4+ 14. Ke1 Qd4 15. Nxd6+ cxd6 16. e3 Nxe3 17. Qe2 Kd8 18. Qxe3 Qxb2 19. Bxb2 1-0

[Event "Early-Titled-Tuesday-Blitz-September-12-2023"]
[Site "Chess.com"]
[Date "2023.09.12"]
[Round "2"]
[White "platy3"]
[Black "Mikhail_Golubev"]
[Result "1-0"]
[WhiteElo "2919"]
[BlackElo "2588"]
[TimeControl "180+1"]
[EndTime "8:16:58 PDT"]
[Termination "platy3 won on time"]

1. e4 c5 2. Nf3 d6 3. d4 cxd4 4. Nxd4 Nf6 5. Nc3 g6 6. Be3 Bg7 7. f3 O-O 8. Qd2 Nc6 9. O-O-O d5 10. Qe1 e5 11. Nxc6 bxc6 12. exd5 Nxd5 13. Bc4 Be6 14. Kb1 Re8 15. Ne4 f5 16. Ng5 Bc8 17. h4 a5 18. h5 f4 19. Bxf4 exf4 20. Rxd5 Rxe1+ 21. Rd1+ Be6 22. Bxe6+ Rxe6 23. Rxd8+ Rxd8 24. Nxe6 Rb8 25. hxg6 hxg6 26. b3 Be5 27. Re1 Bd6 28. Nd4 c5 29. Re6 1-0

[Event "Early-Titled-Tuesday-Blitz-September-12-2023"]
[Site "Chess.com"]
[Date "2023.09.12"]
[Round "2"]
[White "marik_spb"]
[Black "chessdjw"]
[Result "0-1"]
[WhiteElo "2418"]
[BlackElo "2743"]
[TimeControl "180+1"]
[EndTime "8:16:58 PDT"]
[Termination "chessdjw won by resignation"]

1. e4 e5 2. Nf3 Nc6 3. Bc4 Nf6 4. d4 exd4 5. O-O Nxe4 6. Re1 d5 7.
Bxd5 Qxd5 8. Nc3 Qd7 9. Nxe4 Be7 10. Bg5 O-O 11. Bxe7 Qxe7 12. Nxd4 Bd7 13. Qh5 Qb4 14. c3 Qxb2 15. Rab1 Qxa2 16. Rxb7 Nxd4 17. cxd4 Bc6 18. Ng5 h6 19. Rxc7 Qa5 20. Rc1 Qxc7 21. d5 Qf4 22.
Rxc6 Qxg5 23. Qf3 Rac8 24. h3 Rxc6 25. dxc6 Qc5 26. g4 a5 27. Kg2 a4 28. Kg3 a3 29. Qb3 Qxc6 30. Qxa3 Rd8 31. f3 Qd6+ 32. Qxd6 Rxd6 0-1

[Event "Early-Titled-Tuesday-Blitz-September-12-2023"]
[Site "Chess.com"]
[Date "2023.09.12"]
[Round "2"]
[White "Beca95"]
[Black "ItsCheckM8Mate"]
[Result "1-0"]
[WhiteElo "2956"]
[BlackElo "2430"]
[TimeControl "180+1"]
[EndTime "8:16:59 PDT"]
[Termination "Beca95 won by checkmate"]

1. e4 c6 2. Nf3 d5 3. d3 g6 4.
e5 Bg7 5. h3 c5 6. c3 d4 7.
cxd4 cxd4 8. Bf4 Nc6 9. Nbd2 Qa5 10. Qe2 Be6 11. a3 Bd5 12. g4 Bxf3 13. Qxf3 Bxe5 14. Bg2 Nf6 15. O-O Bxf4 16. Qxf4 O-O 17. Bxc6 bxc6 18. Nc4 Qd5 19. Rae1 Rfe8 20. Re5 Qd7 21. Rfe1 Kg7 22. g5 Nh5 23. Qf3 f6 24. Rc5 fxg5 25. Rxg5 Rf8 26. Qg4 Qxg4+ 27. hxg4 Nf4 28. Rxe7+ Kf6 29. Rge5 Nxd3 30.
g5# 1-0

[Event "Early-Titled-Tuesday-Blitz-September-12-2023"]
[Site "Chess.com"]
[Date "2023.09.12"]
[Round "2"]
[White "malakismayil"]
[Black "Goi_Manne"]
[Result "1-0"]
[WhiteElo "2527"]
[BlackElo "2312"]
[TimeControl "180+1"]
[EndTime "8:16:59 PDT"]
[Termination "malakismayil won by resignation"]

1. e4 c6 2. d4 d5 3. Nc3 dxe4 4. Nxe4 Nf6 5. Nxf6+ exf6 6. Be3 Bd6 7. Bd3 O-O 8. Ne2 Nd7 9. O-O Re8 10. h3 Nf8 11. c4 Be6 12. Qd2 Qd7 13. Bf4 Rad8 14. Bxd6 Qxd6 15.
b3 Ng6 16. Bxg6 hxg6 17. Rad1 Bf5 18. Nc3 g5 19. Rfe1 Rxe1+ 20. Qxe1 Qb4 21. Qe3 a5 22. d5 cxd5 23. Nxd5 Qd6 24. Ne7+ Qxe7 25. Qxe7 Rxd1+ 26. Kh2 Rd2 27. Qc5 Bb1 28. a3 Rb2 29. b4 axb4 30.
axb4 Be4 31. Qd4 Re2 32. b5 Kh7 33. Kg3 Re1 34. f3 Bf5 35. Qd5 Be6 36. Qxb7 Bxc4 37. Qc6 Bd3 38. b6 Rb1 39. b7 Bf5 40. Qc7 1-0

[Event "Early-Titled-Tuesday-Blitz-September-12-2023"]
[Site "Chess.com"]
[Date "2023.09.12"]
[Round "2"]
[White "MokshAD1603"]
[Black "FGHSMN"]
[Result "0-1"]
[WhiteElo "2578"]
[BlackElo "2898"]
[TimeControl "180+1"]
[EndTime "8:17:00 PDT"]
[Termination "FGHSMN won by resignation"]

1. d4 Nf6 2. c4 e6 3. Nf3 Bb4+ 4.
Nbd2 O-O 5. a3 Be7 6. e4 d6 7. Be2 Nbd7 8. O-O e5 9. Qc2 Re8 10. Nb1 Bf8 11. Nc3 exd4 12. Nxd4 Nc5 13. f3 c6 14. Bg5 h6 15. Bh4 g6 16. Rad1 Bg7 17. b4 Ncd7 18. Nb3 Qc7 19. Qd2 Nh5 20. g4 Bxc3 21. Qxc3 Nf4 22. Qd2 Nxe2+ 23. Qxe2 Ne5 24. c5 Be6 25. cxd6 Qb6+ 26. Bf2 Qd8 27. Qb2 Nxf3+ 28.
Kg2 Bxg4 29. Nc5 Ng5 30. d7 Bf3+ 0-1

[Event "Early-Titled-Tuesday-Blitz-September-12-2023"]
[Site "Chess.com"]
[Date "2023.09.12"]
[Round "2"]
[White "taleslascando"]
[Black "play1ngtheangel"]
[Result "0-1"]
[WhiteElo "1944"]
[BlackElo "2668"]
[TimeControl "180+1"]
[EndTime "8:17:02 PDT"]
[Termination "play1ngtheangel won by resignation"]

1. e4 c5 2. Nf3 Nc6 3. Bb5 e5 4. O-O Bd6 5. c3 Nf6 6. Re1 a6 7. Ba4 b5 8. Bc2 Qb6 9. d3 O-O 10. Bg5 Ne8 11. Nbd2 Nc7 12. Nf1 Ne6 13. Be3 b4 14.
Ng3 g6 15. Qd2 Re8 16. Bb3 Bf8 17. Rad1 a5 18. d4 exd4 19. cxd4 cxd4 20. Nxd4 Nexd4 21. Bxd4 Nxd4 22. Qxd4 Qxd4 23. Rxd4 Bc5 24. Rd3 d6 25. Bd5 Ra7 26. Ne2 Ba6 27. Rd2 a4 28. Nd4 b3 29.
axb3 Bb4 30. Red1 Bxd2 31. Rxd2 axb3 32. Nxb3 Bb7 33. f3 Bxd5 34. exd5 Re3 35. Nd4 Re1+ 36.
Kf2 Rb1 37. Nc6 Ra2 0-1

[Event "Early-Titled-Tuesday-Blitz-September-12-2023"]
[Site "Chess.com"]
[Date "2023.09.12"]
[Round "2"]
[White "Jaka_Brilej"]
[Black "tdf98pantani"]
[Result "0-1"]
[WhiteElo "2436"]
[BlackElo "2739"]
[TimeControl "180+1"]
[EndTime "8:17:04 PDT"]
[Termination "tdf98pantani won on time"]

1. d4 Nf6 2. Bg5 g6 3. Bxf6 exf6 4. c4 f5 5. Nc3 d6 6. e3 Nd7 7. g3 Nf6 8. Bg2 h5 9. h4 Ng4 10. Nge2 Bh6 11. Qd3 O-O 12. O-O c6 13. b4 Bd7 14.
a4 g5 15. hxg5 Qxg5 16. e4 Rae8 17. f4 Qg7 18. e5 f6 19. exd6 Re3 20. Qd2 h4 21.
gxh4 Kh7 22. Nd1 Rg8 23. c5 Be6 24. d7 Bd5 25. d8=Q Rxd8 26. Bxd5 Rde8 27. Nxe3 Nxe3+ 28.
Kf2 Bxf4 29. Rg1 Ng4+ 30. Kf1 Bxd2 0-1

[Event "Early-Titled-Tuesday-Blitz-September-12-2023"]
[Site "Chess.com"]
[Date "2023.09.12"]
[Round "2"]
[White "enestnrvrd"]
[Black "AleksandrAleksikov"]
[Result "1-0"]
[WhiteElo "2698"]
[BlackElo "2283"]
[TimeControl "180+1"]
[EndTime "8:17:04 PDT"]
[Termination "enestnrvrd won on time"]

1. Nf3 Nf6 2. c4 g6 3. Nc3 Bg7 4. g3 d6 5. Bg2 O-O 6. O-O c6 7. d4 Qa5 8. e4 e5 9. d5 cxd5 10. cxd5 b5 11. Nd2 a6 12. Nb3 Qd8 13. h3 Nbd7 14.
Be3 Nb6 15. Na5 Nbxd5 16. Nxd5 Qxa5 17. Nb6 Rb8 18. Qxd6 Be6 19. Rfd1 Rfe8 20. a4 bxa4 21. Rxa4 Qb5 22. Raa1 Bf8 23. Qc7 Qb4 24. Nd5 Nxd5 25.
exd5 1-0

[Event "Early-Titled-Tuesday-Blitz-September-12-2023"]
[Site "Chess.com"]
[Date "2023.09.12"]
[Round "2"]
[White "Jospem"]
[Black "The_Machine04"]
[Result "1-0"]
[WhiteElo "3114"]
[BlackElo "2657"]
[TimeControl "180+1"]
[EndTime "8:17:05 PDT"]
[Termination "Jospem won by resignation"]

1. e4 d6 2. d4 Nf6 3. Bd3 e5 4. c3 Nbd7 5. Nf3 d5 6. Nxe5 Nxe5 7. dxe5 Nxe4 8. O-O Be6 9. Nd2 Nxd2 10. Bxd2 Qd7 11. b4 Be7 12. Be3 a5 13. b5 a4 14.
Qc2 a3 15. f4 g6 16. f5 gxf5 17. Bxf5 Qxb5 18. Rab1 Qc6 19. Bd3 Ra5 20. Kh1 Rg8 21. Bd4 Bc5 22. Qf2 b6 23. h3 h5 24. Qe3 h4 25.
Rf3 Bxd4 26. cxd4 Kd8 27. Qh6 Rg3 28. Qxh4+ 1-0

[Event "Early-Titled-Tuesday-Blitz-September-12-2023"]
[Site "Chess.com"]
[Date "2023.09.12"]
[Round "2"]
[White "Rutricks"]
[Black "Witty_Alien"]
[Result "1-0"]
[WhiteElo "2677"]
[BlackElo "2161"]
[TimeControl "180+1"]
[EndTime "8:17:06 PDT"]
[Termination "Rutricks won by resignation"]

1. e4 c5 2. Nf3 d6 3. d4 cxd4 4. Nxd4 Nf6 5. Nc3 a6 6. Rg1 g6 7. g4 Bg7 8. g5 Nfd7 9. Be3 Nc6 10. Qd2 O-O 11. O-O-O Na5 12. Nd5 b5 13. Nxe7+ Qxe7 14. Qxa5 Bb7 15. f3 Rfc8 16. Kb1 Ne5 17. h4 Nxf3 18. Nxf3 Qxe4 19. Qd2 Qxf3 20. Bg2 Rxc2 21. Qxc2 Qxe3 22. Bxb7 Re8 23. Bc6 Rc8 24. Rge1 Qb6 25. Re8+ Rxe8 26. Bxe8 Qb7 27. Rf1 Kh8 28. Bxf7 b4 29.
Be6 a5 30. Qc8+ Qxc8 31. Bxc8 a4 1-0

[Event "Early-Titled-Tuesday-Blitz-September-12-2023"]
[Site "Chess.com"]
[Date "2023.09.12"]
[Round "2"]
[White "scarabee43"]
[Black "FoxOnTheRun97"]
[Result "1-0"]
[WhiteElo "2797"]
[BlackElo "2545"]
[TimeControl "180+1"]
[EndTime "8:17:09 PDT"]
[Termination "scarabee43 won by resignation"]

1. d4 Nf6 2. c4 e6 3. Nf3 d5 4. Nc3 Bb4 5. cxd5 exd5 6. Bg5 c6 7. e3 h6 8. Bh4 O-O 9. Bd3 Re8 10.
O-O Nbd7 11. h3 Be7 12. Qc2 Nh5 13. Bxe7 Qxe7 14. Rab1 a5 15. a3 Nf8 16. b4 Ne6 17. b5 Qxa3 18. Ne5 Qd6 19. Bh7+ Kf8 20. bxc6 bxc6 21. Nxf7 Kxf7 22. Bg6+ Kf8 23. Bxh5 Re7 24. Qh7 Rb7 25. Qh8+ Ke7 26. Rxb7+ Bxb7 27. Qh7 a4 28.
Qg6 a3 29. Qf7+ Kd8 30. Qxb7 Rb8 31. Qa7 Rb3 32. Rc1 Nc7 33. Qa4 Rb2 34. Rc2 Rxc2 35. Qxc2 Qb4 36. Be2 Na8 37. g3 Nb6 38. Na2 Qe1+ 39.
Kg2 Kc7 40. Bb5 Nc4 41. Bxc4 dxc4 42. Qxc4 Qd2 43. d5 Qxd5+ 44. Qxd5 cxd5 45. Kf3 Kd6 46. Ke2 Kc5 47. Kd3 1-0

[Event "Early-Titled-Tuesday-Blitz-September-12-2023"]
[Site "Chess.com"]
[Date "2023.09.12"]
[Round "2"]
[White "orestn"]
[Black "lamomiajunior"]
[Result "0-1"]
[WhiteElo "2415"]
[BlackElo "2722"]
[TimeControl "180+1"]
[EndTime "8:17:13 PDT"]
[Termination "lamomiajunior won by resignation"]

1. e4 c6 2. d4 d5 3. Nc3 dxe4 4. Nxe4 Nf6 5. Nxf6+ exf6 6. Nf3 Bd6 7. c4 O-O 8. c5 Bc7 9. Bc4 Re8+ 10. Be3 Be6 11. Qb3 Bxc4 12. Qxc4 Nd7 13. O-O Nf8 14. Rfd1 Ng6 15.
d5 cxd5 16. Rxd5 Qe7 17. Rad1 Rad8 18. b4 Rxd5 19. Qxd5 a6 20. a4 h6 21. b5 axb5 22.
axb5 Kh7 23. g3 Rd8 24. Qb3 Qe6 25. Qb1 Re8 26. Nh4 Qg4 27. Nxg6 fxg6 28. Rd4 Qf3 29. Qd1 Qf5 30. Rd7 Be5 31. Rxb7 Ra8 32. Kg2 Ra1 33. Qf3 Rg1+ 34. Kxg1 Qxf3 35. c6 Qd1+ 36. Kg2 Qd5+ 37. Kg1 h5 38. h4 g5 39. hxg5 fxg5 40. Bxg5 Kg6 41. Be3 Kf5 42. Kh2 h4 43. Rd7 hxg3+ 44. fxg3 Qxb5 45. c7 Qxd7 0-1

[Event "Early-Titled-Tuesday-Blitz-September-12-2023"]
[Site "Chess.com"]
[Date "2023.09.12"]
[Round "2"]
[White "benny_aizenberg"]
[Black "gaby_przz"]
[Result "1-0"]
[WhiteElo "2620"]
[BlackElo "2397"]
[TimeControl "180+1"]
[EndTime "8:17:14 PDT"]
[Termination "benny_aizenberg won on time"]

1. g4 d5 2. g5 e5 3. h4 Be6 4.
Bg2 Nc6 5. d3 Bd6 6. Nc3 Nge7 7.
e4 d4 8. Nce2 Qd7 9. f4 exf4 10.
Nxf4 Bg4 11. Bf3 Ne5 12. Bxg4 Nxg4 13. Qf3 Bb4+ 14. Bd2 Ne3 15. Rc1 Qa4 16. c3 Ba5 17. cxd4 Nc2+ 18. Rxc2 Qxc2 19. Bxa5 Qc1+ 20. Kf2 Qxb2+ 21.
Nge2 b6 22. Bc3 Qxa2 23. d5 O-O-O 24. Ra1 Qb3 25. Bxg7 Rhe8 26. Rxa7 Qb5 27. Bf6 1-0

[Event "Early-Titled-Tuesday-Blitz-September-12-2023"]
[Site "Chess.com"]
[Date "2023.09.12"]
[Round "2"]
[White "ShiroglanTalibov"]
[Black "themind1hunter"]
[Result "1-0"]
[WhiteElo "2842"]
[BlackElo "2552"]
[TimeControl "180+1"]
[EndTime "8:17:15 PDT"]
[Termination "ShiroglanTalibov won by resignation"]

1. e4 c5 2. Nf3 d6 3. d4 cxd4 4. Nxd4 Nf6 5. Nc3 a6 6. f3 e5 7. Nb3 Be6 8. Be3 h5 9. Qd2 Nbd7 10.
Nd5 Bxd5 11. exd5 g6 12. O-O-O Bg7 13. Kb1 Rc8 14. c4 O-O 15. Be2 e4 16. f4 Nb6 17.
Rc1 Na4 18. Bd4 b6 19. f5 Nc5 20. Nxc5 bxc5 21. Bc3 Kh7 22. g4 hxg4 23. h3 g3 24. Rcg1 Qd7 25. Bg4 Bh6 26. Qe2 gxf5 27. Bxf6 fxg4 28.
Qxe4+ Kg8 29. Rxg3 Rfe8 30. Rxg4+ 1-0

[Event "Early-Titled-Tuesday-Blitz-September-12-2023"]
[Site "Chess.com"]
[Date "2023.09.12"]
[Round "2"]
[White "surrenderPLS"]
[Black "NotFischer"]
[Result "1-0"]
[WhiteElo "2513"]
[BlackElo "2282"]
[TimeControl "180+1"]
[EndTime "8:17:15 PDT"]
[Termination "surrenderPLS won by resignation"]

1. e4 d5 2. exd5 Qxd5 3. Nc3 Qd6 4. d4 Nf6 5. Nf3 c6 6. Ne5 Nbd7 7. f4 g6 8. Bc4 Nxe5 9. fxe5 Qb4 10. Bxf7+ Kxf7 11.
exf6 exf6 12. O-O Kg7 13. Ne4 Be7 14. c3 Qb6 15. Qf3 Rf8 16. Qe3 Kg8 17. Ng5 fxg5 18. Qxe7 Rxf1+ 19. Kxf1 Bg4 20. h3 Rf8+ 21. Kg1 Bf5 22.
Bxg5 1-0

[Event "Early-Titled-Tuesday-Blitz-September-12-2023"]
[Site "Chess.com"]
[Date "2023.09.12"]
[Round "2"]
[White "dzilleruelo"]
[Black "KononenkoD"]
[Result "0-1"]
[WhiteElo "2309"]
[BlackElo "2587"]
[TimeControl "180+1"]
[EndTime "8:17:16 PDT"]
[Termination "KononenkoD won by resignation"]

1. e4 d5 2. exd5 Qxd5 3. Nc3 Qa5 4. Nf3 Nf6 5. d4 Bg4 6. Be2 Nc6 7. O-O O-O-O 8.
Be3 e5 9. Nxe5 Nxe5 10. dxe5 Rxd1 11. Raxd1 Bxe2 12. Nxe2 Qxe5 13. c3 Bd6 14. Ng3 h5 15. Bd4 Qa5 16. a3 h4 17. Ne2 h3 18. g3 Qd5 19. f3 Qb5 20. Rd2 Re8 21. Re1 b6 22.
Kf2 Kb7 23. Ng1 Rxe1 24. Kxe1 Bc5 25. Ne2 Bxd4 26. Nxd4 Qd5 27. Ke2 Qc4+ 28. Kf2 Nd5 29. Nf5 Qc5+ 30. Nd4 Ne7 31. Ke2 Nc6 32. Nxc6 Qxc6 33.
Kf2 Qc5+ 34. Kf1 Qb5+ 35. Kf2 Qb3 36. Re2 Qa2 37. Rd2 Qb1 38. Ke3 Qe1+ 39. Kd3 g5 40.
Re2 Qb1+ 41. Ke3 f5 42. f4 Qg1+ 43. Kd3 gxf4 44. gxf4 Qc1 45. Rf2 Qd1+ 46. Ke3 Qe1+ 47. Kf3 Qg1 48. Ke3 a5 49. Kf3 a4 50. Ke3 Kc6 51. Kf3 Kc5 52. Rd2 Kc4 53. Rf2 Kd3 0-1

[Event "Early-Titled-Tuesday-Blitz-September-12-2023"]
[Site "Chess.com"]
[Date "2023.09.12"]
[Round "2"]
[White "Eloist"]
[Black "Dewarfd"]
[Result "1-0"]
[WhiteElo "2470"]
[BlackElo "2137"]
[TimeControl "180+1"]
[EndTime "8:17:16 PDT"]
[Termination "Eloist won by checkmate"]

1. e4 e5 2. Nf3 Nc6 3. Bc4 Nf6 4. d3 Be7 5. O-O O-O 6. Re1 a6 7. a4 h6 8. a5 d6 9. c3 Bg4 10. h3 Bxf3 11. Qxf3 Qd7 12. Nd2 Rad8 13. Nf1 d5 14.
exd5 Nxd5 15. Ng3 Bf6 16. Bxh6 gxh6 17. Bxd5 Qxd5 18. Qxf6 Qe6 19. Qf3 Qg6 20. Nf5 Rd7 21. Re4 Qh7 22. Rg4+ Kh8 23. Rg7 Qxg7 24. Nxg7 f5 25.
Nxf5 Rdf7 26. g4 Ne7 27. Re1 Nxf5 28. gxf5 Rxf5 29. Qe3 Rg8+ 30. Kh1 Rfg5 31. f4 exf4 32. Qxf4 Rg2 33. Qxh6# 1-0

[Event "Early-Titled-Tuesday-Blitz-September-12-2023"]
[Site "Chess.com"]
[Date "2023.09.12"]
[Round "2"]
[White "kleinebeer98"]
[Black "Smiechu"]
[Result "1-0"]
[WhiteElo "2829"]
[BlackElo "2434"]
[TimeControl "180+1"]
[EndTime "8:17:18 PDT"]
[Termination "kleinebeer98 won by resignation"]

1. e4 c5 2. Nf3 g6 3. h4 h5 4. Bc4 Bg7 5. Nc3 Nc6 6. d3 d6 7. a3 Bg4 8. Be3 Nf6 9. Ba2 Nd7 10.
Qd2 Bxf3 11. gxf3 Nd4 12. O-O-O b5 13. Bxd4 cxd4 14. Nd5 e6 15. Nf4 a5 16. Bxe6 fxe6 17.
Nxe6 Qe7 18. Nc7+ Kf7 19. Nxa8 Rxa8 20. Rhg1 b4 21. a4 b3 22. cxb3 Nc5 23. Kb1 Qe6 24. f4 Rb8 25. f5 Qxb3 26. Rc1 Bh6 27. f4 Bxf4 28. fxg6+ Kg8 29. Qc2 Bxc1 30. Rxc1 Qxc2+ 31. Rxc2 Nxd3 32. Rd2 Nc5 33. Rxd4 Rb6 34. Rd5 Nxa4 35. Rxh5 Nc3+ 36. Kc2 Nxe4 37. Rxa5 Kg7 38. h5 Rc6+ 39. Kd3 Nf6 40. b4 Rc1 41. Ra6 Rh1 42. b5 Nxh5 43.
b6 Rb1 44. Ra7+ Kxg6 45. b7 Kf6 46. Kc2 Rb6 47. Ra6 Rb5 48. Rxd6+ Ke5 49. Rg6 Nf6 50.
Rg5+ Kd6 51. Rxb5 1-0

[Event "Early-Titled-Tuesday-Blitz-September-12-2023"]
[Site "Chess.com"]
[Date "2023.09.12"]
[Round "2"]
[White "TomLiu777"]
[Black "Zurability"]
[Result "0-1"]
[WhiteElo "2424"]
[BlackElo "2802"]
[TimeControl "180+1"]
[EndTime "8:17:18 PDT"]
[Termination "Zurability won on time"]

1. c4 e6 2. Nc3 d5 3. d4 Nf6 4. Bg5 Nbd7 5. cxd5 exd5 6. e3 c6 7. Bd3 h6 8. Bh4 Be7 9. Qc2 O-O 10. Nge2 Re8 11. O-O Ne4 12. Bxe7 Qxe7 13. Rae1 Nd6 14. Ng3 Nf6 15. f3 h5 16. e4 h4 17. Nf5 Bxf5 18.
exf5 Qxe1 19. Rxe1 Rxe1+ 20. Kf2 Rae8 21. Ne2 Rh1 22.
h3 Nd7 23. Qd2 Nc4 24. Bxc4 dxc4 25. Qa5 Rb1 26. Qc7 Nb6 27. Nf4 Rxb2+ 28. Kg1 c3 29. Nd3 c2 30. Kh2 Rb1 31. Qf4 Rd1 32. f6 Nd5 33.
Qg5 Nxf6 34. f4 Rxd3 0-1

[Event "Early-Titled-Tuesday-Blitz-September-12-2023"]
[Site "Chess.com"]
[Date "2023.09.12"]
[Round "2"]
[White "Mariia89"]
[Black "S-Fazulyanov"]
[Result "0-1"]
[WhiteElo "1999"]
[BlackElo "2443"]
[TimeControl "180+1"]
[EndTime "8:17:18 PDT"]
[Termination "S-Fazulyanov won by resignation"]

1. d4 d5 2. c4 c6 3. e4 dxe4 4. Nc3 Nf6 5. Bg5 Bf5 6. Nge2 Bg6 7. Ng3 Nbd7 8. d5 e5 9. dxe6 fxe6 10. Be2 Qa5 11. Be3 Bb4 12. O-O O-O 13. Nb1 Ne5 14.
a3 Be7 15. Qc2 Nd3 16. Nc3 h5 17. Ngxe4 Nxe4 18. Bxd3 Nxc3 19. Bxg6 Na4 20. Bxh5 Qxh5 21. Qxa4 Bd6 22. g3 Be5 23. Rab1 Rf7 24. Rfe1 a6 25.
Bb6 Qf5 26. Qc2 Qxc2 27. Rxe5 Qxb1+ 0-1

[Event "Early-Titled-Tuesday-Blitz-September-12-2023"]
[Site "Chess.com"]
[Date "2023.09.12"]
[Round "2"]
[White "wonderfultime"]
[Black "temiksmozg"]
[Result "1-0"]
[WhiteElo "2999"]
[BlackElo "2629"]
[TimeControl "180+1"]
[EndTime "8:17:21 PDT"]
[Termination "wonderfultime won on time"]

1. d4 d5 2. Nf3 Nf6 3. Bf4 c5 4. c3 Nc6 5. e3 Qb6 6. Qc2 g6 7. Nbd2 c4 8. e4 Nxe4 9. Nxe4 Bf5 10. Nfd2 Bg7 11. Bxc4 dxc4 12. Nxc4 Qa6 13. Ne3 Bxd4 14. Nxf5 gxf5 15. Ng3 e5 16. Bg5 h6 17. Bf6 Rg8 18.
Qxf5 Bc5 19. Ne4 Qc4 20. b3 Qd5 21. Rd1 Bd4 22. cxd4 Qa5+ 23. Rd2 1-0

[Event "Early-Titled-Tuesday-Blitz-September-12-2023"]
[Site "Chess.com"]
[Date "2023.09.12"]
[Round "2"]
[White "ayanakhmetov"]
[Black "Zkid"]
[Result "0-1"]
[WhiteElo "2569"]
[BlackElo "2886"]
[TimeControl "180+1"]
[EndTime "8:17:21 PDT"]
[Termination "Zkid won by resignation"]

1. Nf3 d5 2. g3 Nf6 3. Bg2 c6 4. c4 Bg4 5. Ne5 Be6 6. cxd5 Bxd5 7. Nf3 c5 8. Nc3 Bc6 9. O-O e6 10. Re1 Be7 11. e4 O-O 12. d4 cxd4 13. Nxd4 e5 14. Nxc6 Nxc6 15. Be3 Qa5 16. Nd5 Rfd8 17. Qe2 Nxd5 18.
exd5 Nb4 19. Bd2 Qb6 20. Red1 Bd6 21. Bc3 Re8 22. a3 Na6 23. b4 Rac8 24. Bd2 Nc7 25. Be3 Qb5 26. Qxb5 Nxb5 27. a4 Nc3 28. Rd3 e4 29.
Rd2 Bxb4 30. d6 Red8 31. d7 Rc6 32. Kf1 f5 33. g4 fxg4 34. Rd4 Bc5 35. Bxe4 Bxd4 36.
Bxc6 Bxe3 0-1

[Event "Early-Titled-Tuesday-Blitz-September-12-2023"]
[Site "Chess.com"]
[Date "2023.09.12"]
[Round "2"]
[White "Just_Lucky_1"]
[Black "SchmakAttack"]
[Result "0-1"]
[WhiteElo "2540"]
[BlackElo "2779"]
[TimeControl "180+1"]
[EndTime "8:17:21 PDT"]
[Termination "SchmakAttack won by resignation"]

1. e4 e6 2. d4 d5 3. Nc3 Nf6 4.
Bg5 dxe4 5. Nxe4 Be7 6. Bxf6 gxf6 7. Qd2 e5 8. O-O-O f5 9. dxe5 fxe4 10. Qf4 Bd7 11.
Nh3 Qc8 12. Ng5 Bxg5 13. Qxg5 Qd8 14. Qg7 Rf8 15. f4 exf3 16. gxf3 Qe7 17. f4 Nc6 18. Qxh7 O-O-O 19. Bg2 f6 20. Qxe7 Nxe7 21. e6 Bxe6 22.
Rhe1 Rxd1+ 23. Kxd1 Bg4+ 24. Kc1 Ng6 25. h3 Bf5 26.
Bf3 Nxf4 27. Rf1 Bxh3 28. Rf2 Ne6 29. Bd5 Ng5 30. Rf4 c6 31. Bc4 Kc7 32. Bd3 Kd6 33. b4 Be6 34. Rf2 c5 35. Kb2 cxb4 0-1

[Event "Early-Titled-Tuesday-Blitz-September-12-2023"]
[Site "Chess.com"]
[Date "2023.09.12"]
[Round "2"]
[White "JimDiGrease"]
[Black "seramoral"]
[Result "0-1"]
[WhiteElo "2853"]
[BlackElo "2582"]
[TimeControl "180+1"]
[EndTime "8:17:23 PDT"]
[Termination "seramoral won by resignation"]

1. d4 Nf6 2. c4 g6 3. h4 c5 4. d5 e6 5. e4 exd5 6. e5 Nh5 7.
cxd5 d6 8. Bb5+ Bd7 9. Be2 dxe5 10. Bxh5 gxh5 11. Qxh5 Qf6 12. Nf3 Bg7 13. Ng5 Qg6 14. Qe2 h6 15. h5 Qa6 16. Ne4 f5 17. Ng3 Qxe2+ 18. Kxe2 Na6 19. Nc3 Nb4 20. Be3 b6 21. f4 e4 22. Rhd1 Nd3 23. Rxd3 exd3+ 24. Kxd3 O-O-O 25. Rd1 Rhg8 26. Nge2 Bxc3 27. Nxc3 Rxg2 28. b3 a6 29. a4 Be8 30. a5 Bb5+ 31. Nxb5 axb5 32.
Kc3 Rg3 33. Rd3 bxa5 34. d6 Kd7 35. Bxc5 Rxd3+ 36. Kxd3 Kc6 0-1

[Event "Early-Titled-Tuesday-Blitz-September-12-2023"]
[Site "Chess.com"]
[Date "2023.09.12"]
[Round "2"]
[White "disciplinedbrat"]
[Black "the-gambler"]
[Result "0-1"]
[WhiteElo "2342"]
[BlackElo "2544"]
[TimeControl "180+1"]
[EndTime "8:17:25 PDT"]
[Termination "the-gambler won by checkmate"]

1. d4 e6 2. Nf3 Nf6 3. e3 d5 4. Bd3 Nbd7 5. O-O c5 6. b3 Qc7 7.
Bb2 Bd6 8. h3 e5 9. dxe5 Nxe5 10. Nxe5 Bxe5 11. Bxe5 Qxe5 12. Nd2 O-O 13. Nf3 Qc7 14. c4 dxc4 15. Bxc4 Bf5 16. Qe2 Rad8 17. Rfd1 Ne4 18. Qb2 a6 19. a4 h6 20. Rac1 Nd6 21.
Bd5 Be4 22. b4 c4 23. Ne5 b5 24. axb5 axb5 25. Nc6 Rde8 26. Na5 Bxd5 27. Rxd5 Re6 28. Qd4 Rb8 29. Rd1 Ne4 30. Rd7 Qc8 31. Qa7 Qf8 32.
Rxf7 Qxf7 33. Qa8 Kh7 34. Qxb8 Qxf2+ 35. Kh2 Rg6 36. Rd8 Qxg2# 0-1